[Event "Late-Titled-Tuesday-Blitz-September-19-2023"]
[Site "Chess.com"]
[Date "2023.09.19"]
[Round "2"]
[White "simplerXiao"]
[Black "vladislavkovalev"]
[Result "0-1"]
[WhiteElo "2556"]
[BlackElo "2883"]
[TimeControl "180+1"]
[EndTime "14:18:20 PDT"]
[Termination "vladislavkovalev won by resignation"]

1. e4 e5 2. Bc4 Nf6 3. Nc3 Nxe4 4.
Qh5 Nd6 5. Qxe5+ Qe7 6. Qxe7+ Bxe7 7. Bb3 c6 8. Nf3 Nf5 9. O-O d5 10. d3 O-O 11. Bf4 Na6 12. Rfe1 Be6 13. Ne2 Rfe8 14. Ned4 Nxd4 15. Nxd4 Bd7 16. c3 Nc5 17. Bc2 a5 18.
Nb3 Ne6 19. Bg3 a4 20. Nd2 d4 21. Nc4 a3 22. bxa3 dxc3 23. Be5 Rad8 24. Bxc3 Bc5 25.
a4 Bd4 26. Bxd4 Nxd4 27. Bb3 Be6 28. Kf1 Nxb3 29. axb3 Rxd3 30. Rab1 Rxb3 31. Rbc1 Kf8 32. Ne3 Ra8 33. Red1 Ke7 34. Rd4 Ra7 35. g3 Ra3 36.
Rb1 g6 37. Kg2 Bc8 38. Re4+ Kf8 39. Rd1 Be6 40. Rd8+ Ke7 41. Rb8 R3xa4 42. Rxa4 Rxa4 43. Rxb7+ Kd6 44. Kf3 h5 45. Ke2 Ra2+ 46. Kf3 c5 47.
Rb1 c4 48. Nd1 Kc5 49. Ke3 Ra3+ 50. Kf4 Bd5 51. Ne3 Ra2 52. Nxd5 Kxd5 53. Ke3 Ra3+ 54.
Ke2 Kd4 55. Rd1+ Ke4 56. Rd7 Ra2+ 57. Ke1 f5 58. Re7+ Kf3 59. Re3+ Kg2 60. h4 Rxf2 61. Rc3 Rf3 62. Rxc4 Rxg3 63. Rc6 Rg4 64. Ke2 Kg3 65. Ke3 Kxh4 66. Kf3 Rg3+ 67. Kf4 g5+ 68. Kxf5 Rf3+ 69. Ke4 g4 70. Rc1 Rf8 71. Rh1+ Kg5 72. Ke3 h4 73. Ra1 h3 74. Ra5+ Kh4 75. Ra7 h2 76. Rh7+ Kg3 77.
Ke2 Kg2 78. Ke3 g3 79. Rh3 Kxh3 0-1

[Event "Late-Titled-Tuesday-Blitz-September-19-2023"]
[Site "Chess.com"]
[Date "2023.09.19"]
[Round "2"]
[White "ilya2700"]
[Black "SlipperySpeedster"]
[Result "1-0"]
[WhiteElo "2304"]
[BlackElo "2644"]
[TimeControl "180+1"]
[EndTime "14:18:22 PDT"]
[Termination "ilya2700 won by resignation"]

1. c4 e6 2. d4 d5 3. Nc3 c5 4. cxd5 exd5 5. Nf3 Nc6 6. g3 Nf6 7. Bg2 cxd4 8. Nxd4 Bc5 9. Nb3 Bb6 10. O-O d4 11.
Na4 O-O 12. Nxb6 axb6 13. Bxc6 bxc6 14. Qxd4 Be6 15. Qxd8 Rfxd8 16. Bg5 c5 17. Nc1 Rd7 18. a3 Ne4 19. Be3 Bc4 20. f3 Nf6 21. Bg5 Re8 22.
Re1 Nd5 23. e4 h6 24. Bd2 f5 25. exd5 Red8 26. Bc3 Rxd5 27. Ne2 Rd3 28. Nf4 Rxf3 29.
Re7 Bf7 30. Rf1 Rxf1+ 31. Kxf1 g5 32. Ne2 Rd1+ 33. Kf2 Rh1 34. h4 gxh4 35. gxh4 Rxh4 36. Ng3 Rg4 37. Ra7 h5 38. Ra8+ Kh7 39. Rh8+ Kg6 40. Nxh5 f4 41. Kf3 Kg5 42. Bf6+ Kf5 43. Ng7+ Kxf6 44. Kxg4 Kxg7 45. Rh2 Kf6 46. Kxf4 Ke7 47. Rh6 b5 48. Rb6 Be8 49. Rb7+ Kd6 50. Rb8 Bc6 51.
Ke3 Kd5 52. Kd3 Kd6 53. Rh8 Kc7 54. Rh6 Kb6 55. Ke3 Kc7 56. Kf4 Kb6 57. Ke5 b4 58.
axb4 cxb4 59. Kd6 Bb5 60. Kd5+ Ka5 61. Kc5 Bf1 62. Rh1 Bb5 63. Ra1+ Ba4 64. b3 Ka6 65. Rxa4+ Kb7 66. Rxb4+ Kc7 67. Rc4 Kd7 68. b4 1-0

[Event "Late-Titled-Tuesday-Blitz-September-19-2023"]
[Site "Chess.com"]
[Date "2023.09.19"]
[Round "2"]
[White "Jarming"]
[Black "Pingah9"]
[Result "0-1"]
[WhiteElo "2739"]
[BlackElo "2537"]
[TimeControl "180+1"]
[EndTime "14:18:24 PDT"]
[Termination "Pingah9 won by checkmate"]

1. c4 g6 2. g3 Bg7 3. Bg2 d6 4. Nc3 f5 5. d4 Nf6 6. Nh3 O-O 7. O-O e5 8. Bg5 h6 9. dxe5 hxg5 10.
exf6 Qxf6 11. Rb1 c6 12. f4 gxf4 13. Nxf4 Na6 14. Kh1 Be6 15. Nxe6 Qxe6 16. e4 fxe4 17. Nxe4 Rxf1+ 18. Qxf1 Rf8 19. Qd3 Be5 20. b3 Nc7 21. Rd1 Ne8 22. b4 a6 23. a4 Nf6 24. Ng5 Qf5 25.
Qxf5 gxf5 26. b5 axb5 27. axb5 cxb5 28. cxb5 b6 29. Rc1 d5 30. Re1 Ne4 31. Nf3 Bd6 32.
Nh4 f4 33. Bxe4 dxe4 34. Rxe4 fxg3 35. hxg3 Rf1+ 36. Kg2 Rb1 37. Nf5 Bc5 38. g4 Rxb5 39. Kf3 Kf7 40. Kf4 Rb1 41. Ra4 Rf1+ 42. Kg5 Rd1 43.
Ra7+ Ke6 44. Kg6 b5 45. Rc7 Ba3 46. Ra7 b4 47. g5 Rd7 48. Ra6+ Ke5 49. Ra5+ Ke4 50.
Ng3+ Kf3 51. Nh5 Rd6+ 52. Nf6 Bb2 53. Rb5 Bc3 54. Kf7 Ke2 55. Ne4 Rd7+ 56. Ke6 Rd4 57. Kf5 Kd3 58. Nc5+ Kc4 59. Ra5 Rd5+ 60. Ke6 Rxc5 61.
Ra8 Rxg5 62. Rc8+ Rc5 63. Rb8 b3 64. Kd6 b2 65. Rb7 Rb5 66. Rc7+ Kd3 67. Kc6 Rb4 68. Rd7+ Rd4 69. Rb7 Rb4 70. Rd7+ Kc2 71. Rh7 b1=Q 72. Rh2+ Kb3 73. Kc5 Qf5+ 74. Kc6 Qe6+ 75. Kc7 Qb6+ 76.
Kd7 Rd4+ 77. Ke7 Qd6+ 78. Kf7 Rf4+ 79. Kg8 Qg6# 0-1

[Event "Late-Titled-Tuesday-Blitz-September-19-2023"]
[Site "Chess.com"]
[Date "2023.09.19"]
[Round "2"]
[White "Mesa_1"]
[Black "AhmadzadaA"]
[Result "1-0"]
[WhiteElo "2596"]
[BlackElo "2929"]
[TimeControl "180+1"]
[EndTime "14:18:25 PDT"]
[Termination "Mesa_1 won by checkmate"]

1. e4 c5 2. Nf3 e6 3. c3 d5 4.
exd5 exd5 5. Bb5+ Nc6 6. O-O Bd6 7. d4 Ne7 8. dxc5 Bxc5 9. Bd3 O-O 10. h3 Ng6 11. Nbd2 Nf4 12. Nb3 Bd6 13. Bxf4 Bxf4 14.
Bc2 g6 15. Nbd4 Bc7 16. Re1 Bb6 17. Qd2 Qf6 18. Bb3 Rd8 19. Rad1 Kg7 20. Qg5 Qxg5 21. Nxg5 Nxd4 22. cxd4 h6 23. Nf3 Be6 24. Nh2 Rac8 25.
Nf1 Rc6 26. Ne3 f5 27. g3 Kf6 28. Ng2 g5 29. h4 a5 30. hxg5+ hxg5 31. Re2 Bf7 32.
Ree1 Bh5 33. Rd3 a4 34. Bd1 Bf7 35. Bxa4 Rc4 36. Bb3 Rxd4 37. Red1 Rxd3 38. Rxd3 Rc8 39. Ne3 Bxe3 40. Rxe3 Rc1+ 41. Kg2 d4 42. Rd3 Be8 43. Bd5 Ke5 44. Bxb7 Bb5 45. Rd2 Bf1+ 46. Kh2 d3 47. a4 Be2 48. a5 Rc2 49. a6 Rc5 50. b4 Rc2 51. a7 Rxd2 52. a8=Q Kd4 53. Qd8+ Kc3 54.
Qc7+ Kb2 55. Qg7+ Kb1 56. b5 Rb2 57. Qe5 Bf1 58. Bf3 d2 59. Qxf5+ Kc1 60. Qc5+ Rc2 61.
Qa3+ Rb2 62. b6 Bd3 63. b7 Be4 64. Qc3+ Rc2 65. Qa1# 1-0

[Event "Late-Titled-Tuesday-Blitz-September-19-2023"]
[Site "Chess.com"]
[Date "2023.09.19"]
[Round "2"]
[White "Sina_Movahed"]
[Black "sergeikim"]
[Result "1/2-1/2"]
[WhiteElo "2974"]
[BlackElo "2599"]
[TimeControl "180+1"]
[EndTime "14:18:26 PDT"]
[Termination "Game drawn by stalemate"]

1. e4 e5 2. Nf3 Nc6 3. Bb5 a6 4. Ba4 Nf6 5. O-O b5 6. Bb3 Bc5 7. c3 d6 8. a4 Bb7 9. d4 Bb6 10.
Be3 h6 11. Re1 O-O 12. Nbd2 Re8 13. d5 Ne7 14. Bxb6 cxb6 15. axb5 axb5 16. Bc2 Ng6 17. Bd3 Qd7 18. Qb3 Nf4 19. Bxb5 Qg4 20. g3 Rf8 21.
Rxa8 Rxa8 22. Bf1 Nh3+ 23. Bxh3 Qxh3 24. Qxb6 Bc8 25. Qxd6 Ng4 26. Qd8+ Kh7 27. Qh4 Qxh4 28. gxh4 Ra2 29. Nc4 Ba6 30. Ncxe5 Nxe5 31. Nxe5 f6 32. Nf3 Rxb2 33. Nd4 Rd2 34. Ra1 Bc8 35. Kg2 Rd3 36.
f3 Rxc3 37. Ra7 Rd3 38. Nb5 f5 39. Nd6 fxe4 40. Nxc8 exf3+ 41. Kf2 Rxd5 42. Kxf3 Rd4 43. h5 Rh4 44. Ra5 Rxh2 45. Ne7 Rh3+ 46. Kg4 Rh1 47. Ra3 Rg1+ 48. Rg3 Re1 49. Nf5 Re8 50. Kf4 Rg8 51.
Rg6 Kh8 52. Kg4 Kh7 53. Kf4 Kh8 54.
Ke5 Kh7 55. Ke6 Kh8 56. Kf7 Ra8 57. Rxg7 Ra7+ 58. Kf6 Ra6+ 59. Kf7 Ra7+ 60. Kf8 Ra8+ 61. Ke7 Ra7+ 62. Kf6 Ra6+ 63. Ke5 Ra5+ 64. Kf4 Rxf5+ 65. Kxf5 Kxg7 66. Ke6 Kh7 67. Kf7 Kh8 68. Kg6 Kg8 69. Kxh6 Kh8 70. Kg6 Kg8 71. h6 Kh8 72. h7 1/2-1/2

[Event "Late-Titled-Tuesday-Blitz-September-19-2023"]
[Site "Chess.com"]
[Date "2023.09.19"]
[Round "2"]
[White "marcodobrikov"]
[Black "GMBenjaminBok"]
[Result "0-1"]
[WhiteElo "2584"]
[BlackElo "2952"]
[TimeControl "180+1"]
[EndTime "14:18:29 PDT"]
[Termination "GMBenjaminBok won by resignation"]

1. d4 Nf6 2. Nf3 d5 3. Bf4 c5 4. c3 Nc6 5. e3 Qb6 6. Qb3 c4 7. Qc2 Bf5 8. Qc1 Nh5 9. Bg3 e6 10. Nbd2 h6 11. Be2 Nxg3 12. hxg3 Bd6 13. e4 Bg6 14.
exd5 exd5 15. Nf1 O-O 16. Ne3 Ne7 17. O-O Rfe8 18. Qd2 Qc7 19. Rfe1 b5 20. Nh4 Bh7 21.
a4 bxa4 22. Rxa4 Rab8 23. Rea1 Rb7 24. Bf3 Qb8 25. R4a2 Rb5 26. Be2 a5 27. Nf3 Qb6 28.
Qc1 Rb8 29. Nd1 Be4 30. Nd2 Bg6 31. Bf3 Kh7 32. Be2 Bf5 33. Bf3 g5 34. Be2 Bg6 35. Bf3 Kg7 36. Be2 f6 37. Bf3 h5 38. Be2 g4 39.
Nf1 Nf5 40. Nfe3 Nxe3 41. Qxe3 Re8 42. Qd2 Qb8 43. Ne3 Qb7 44. Rxa5 Rb8 45. Rxb5 Qxb5 46. Rd1 Qxb2 47. Nxd5 Qxd2 48. Rxd2 Rb1+ 49. Rd1 Rb2 50. Bf1 Bf7 51. Ne3 Rb3 52. Nxc4 Bxc4 53. Bxc4 Rxc3 54. Bf1 Rc2 55. Rd3 f5 56. f3 Bxg3 57.
fxg4 Bf2+ 58. Kh2 hxg4 59. d5 Rc8 60. d6 Rh8+ 61. Rh3 gxh3 62. gxh3 Kf6 63. Kg2 Bc5 64. Kf3 Bxd6 65. Kg2 Be5 66. Kf3 Rd8 67.
Bc4 Rd4 68. Be2 Rf4+ 69. Kg2 Rb4 70. Bf3 Rb2+ 71. Kf1 Kg5 72. Be2 Kf4 73. Kf2 Bd4+ 74. Kf1 Ke3 75. h4 Rxe2 0-1

[Event "Late-Titled-Tuesday-Blitz-September-19-2023"]
[Site "Chess.com"]
[Date "2023.09.19"]
[Round "2"]
[White "Tonychess32"]
[Black "Rodalquilar"]
[Result "0-1"]
[WhiteElo "2514"]
[BlackElo "2740"]
[TimeControl "180+1"]
[EndTime "14:18:41 PDT"]
[Termination "Rodalquilar won by checkmate"]

1. e4 d5 2. exd5 Qxd5 3. Nc3 Qa5 4. Nf3 Nf6 5. Be2 Bf5 6. d3 c6 7. O-O e6 8. Re1 Be7 9. a3 O-O 10. Bf4 h6 11. b4 Qd8 12. h3 Nbd7 13. Qd2 Nd5 14.
Nxd5 cxd5 15. c3 Bf6 16. d4 Be7 17. Bd3 Bxd3 18. Qxd3 Rc8 19. Ne5 Nf6 20. Re3 Ne4 21. Rc1 Bh4 22. Rf3 Qe8 23. c4 f6 24.
Ng4 h5 25. Nh2 Qc6 26. c5 e5 27. dxe5 Bxf2+ 28. Kh1 fxe5 29. Bxe5 Qe6 30. Bd6 Qxd6 31. Rxf8+ Rxf8 32. Qxe4 dxe4 33. cxd6 Rd8 34. Rc4 e3 35. Nf3 Rxd6 36. g4 hxg4 37. hxg4 e2 38. Re4 Rd1+ 39. Kg2 e1=Q 40. Nxe1 Bxe1 41. Re7 Rd2+ 42. Kf1 Bf2 43.
Rxb7 Bb6 44. a4 Rb2 45. a5 Bxa5 46. Rxa7 Bxb4 47. Rb7 Bc3 48. Rc7 Bf6 49. Rc4 Kh7 50. Kg1 Kg6 51. Kf1 Kg5 52. Kg1 Kh4 53. Kf1 Rb3 54.
Kf2 Bg5 55. Rc7 Rb2+ 56. Kf3 Rb3+ 57. Kf2 Bh6 58. Rc4 Rh3 59. Kg2 Rg3+ 60. Kf2 Rxg4 61.
Rc6 Rf4+ 62. Kg2 Rf6 63. Rc4+ Bf4 64. Ra4 g5 65. Ra8 g4 66. Rh8+ Rh6 67. Rg8 Kh5 68. Rf8 Kg5 69. Rg8+ Kf5 70. Rf8+ Ke4 71. Ra8 Rh2+ 72.
Kg1 Rd2 73. Ra4+ Kf3 74. Ra3+ Be3+ 75. Kh1 Rd1+ 76. Kh2 g3+ 77. Kh3 Rh1# 0-1

[Event "Late-Titled-Tuesday-Blitz-September-19-2023"]
[Site "Chess.com"]
[Date "2023.09.19"]
[Round "2"]
[White "ProfessorChess101"]
[Black "Flawless_Fighter"]
[Result "1-0"]
[WhiteElo "2443"]
[BlackElo "2684"]
[TimeControl "180+1"]
[EndTime "14:18:41 PDT"]
[Termination "ProfessorChess101 won on time"]

1. e4 c6 2. Nf3 d5 3. Nc3 Bg4 4. h3 Bxf3 5. Qxf3 e6 6. Be2 Nd7 7. O-O Ngf6 8. d3 Bc5 9. exd5 cxd5 10. Qg3 O-O 11. Bh6 Ne8 12. Rae1 Bd6 13. Bf4 Bxf4 14. Qxf4 Qf6 15. Qa4 Nb6 16. Qb4 Rc8 17. a4 Qd8 18. a5 Nd7 19. Qxb7 Nd6 20. Qxa7 Ra8 21. Qd4 Qxa5 22. Bf3 Rfc8 23. Bxd5 exd5 24. Nxd5 Qc5 25. Qxc5 Rxc5 26. c4 Rb8 27. b4 Rxd5 28. cxd5 Rxb4 29. Re7 Nf6 30. Ra1 g6 31. Ra8+ Kg7 32.
Rd8 Rb6 33. Rc7 Nfe8 34. Rc6 Rb1+ 35. Kh2 Rd1 36. Rcxd6 Nxd6 37. Rxd6 Rxd3 38. Rd7 h5 39. Kg1 Rd1+ 40. Kh2 h4 41. g3 Rd2 42. Kg2 hxg3 43.
Kxg3 Kf6 44. f4 Rd3+ 45. Kg4 Kg7 46. Rd8 f5+ 47. Kg5 Rg3+ 48. Kh4 Rf3 49. d6 Rd3 50. d7 Rd1 51. Kg3 Rd3+ 52. Kf2 Kf7 53. Ke2 Rd6 54. Ke3 Ke7 55. Rh8 Kxd7 56. h4 Ke6 57.
Rh6 Kf6 58. h5 Kg7 59. Rxg6+ Rxg6 60. hxg6 Kxg6 61. Kd4 Kh5 62. Kd5 Kh4 63. Ke6 Kg4 64. Ke5 Kh5 65. Kxf5 Kh6 66. Kf6 Kh7 67. Kf7 Kh6 68.
f5 Kh7 69. f6 Kh8 70. Ke8 Kh7 71. f7 Kg6 72. f8=Q 1-0

[Event "Late-Titled-Tuesday-Blitz-September-19-2023"]
[Site "Chess.com"]
[Date "2023.09.19"]
[Round "2"]
[White "SRob2003"]
[Black "Padelator"]
[Result "1-0"]
[WhiteElo "2627"]
[BlackElo "2386"]
[TimeControl "180+1"]
[EndTime "14:18:43 PDT"]
[Termination "SRob2003 won by resignation"]

1. c4 Nf6 2. g3 c6 3. Bg2 Na6 4. Nf3 Nc7 5. O-O g6 6. b3 Bg7 7. Bb2 O-O 8. d4 d5 9. Nc3 Bf5 10.
Rc1 Ne4 11. e3 Re8 12. Nd2 Nxc3 13. Bxc3 Bd3 14. Re1 a5 15. a3 Qd6 16. c5 Qd7 17. Nf3 Be4 18. Qd2 f6 19. Bxa5 Nb5 20. a4 Nc7 21. Bxc7 Qxc7 22. Qc3 e5 23. Nd2 Bxg2 24.
Kxg2 f5 25. dxe5 Rxe5 26. Qd3 Rd8 27. b4 Qf7 28. b5 d4 29. exd4 Red5 30. Nf3 Bxd4 31.
bxc6 bxc6 32. Qc4 Bf6 33. Re2 g5 34. Rce1 g4 35. Ng1 Kg7 36. Re6 Rc8 37. Qa6 Qd7 38. Qb6 Rc7 39. h3 Kg6 40. hxg4 fxg4 41. Ne2 Kf7 42.
Nf4 Rf5 43. Qb8 Rb7 44. Qa8 Ra7 45. Qxc6 Qxc6+ 46. Rxc6 Bc3 47. Rh6 Kg7 48. Rd6 Bxe1 49. c6 Rc5 50. Rd1 Bb4 51. Ne6+ Kf6 52. Nxc5 Bxc5 53. Rc1 Bb6 54. Rc4 Bc7 55. Rxg4 Kf5 56. Rc4 Ke5 57. Kf3 Kd5 58. Rh4 Kxc6 59. Rh6+ Kd5 60.
Rxh7 Kd6 61. Rh4 Bd8 62. Re4 Kd5 63. Rf4 Bc7 64. Rf5+ Ke6 65. Rh5 Rxa4 66. Rh6+ Kd7 67. g4 Be5 68. Rg6 Rf4+ 69. Kg2 Rf7 70. f3 Ke7 71. Ra6 Bf4 72. Kh3 Kf8 73. Ra4 Rh7+ 74.
Kg2 Rh2+ 75. Kg1 Re2 76. Rxf4+ Kg7 77. Re4 Kg6 78. Rxe2 1-0

[Event "Late-Titled-Tuesday-Blitz-September-19-2023"]
[Site "Chess.com"]
[Date "2023.09.19"]
[Round "2"]
[White "ukchessbomber"]
[Black "Francisco_Ferrari"]
[Result "1/2-1/2"]
[WhiteElo "2690"]
[BlackElo "2377"]
[TimeControl "180+1"]
[EndTime "14:18:44 PDT"]
[Termination "Game drawn - insufficient material"]

1. b4 a5 2. bxa5 Rxa5 3. Bb2 Nf6 4. Nf3 d5 5. g3 e6 6. Bg2 Be7 7. O-O O-O 8. d3 c5 9. Nbd2 Nc6 10. e4 b5 11.
exd5 exd5 12. Re1 Be6 13. Rxe6 fxe6 14. Qe2 Qd7 15. Bh3 Nd8 16. Ng5 Qa7 17. Bxe6+ Kh8 18. Re1 Rxa2 19. Bxf6 Bxf6 20. Nxh7 Nxe6 21. Nxf8 Nxf8 22.
Qh5+ Kg8 23. Qxd5+ Qf7 24. Qxc5 Ne6 25. Qd5 Ng5 26. Re8+ Kh7 27. Qxf7 Nxf7 28. Rc8 Nd6 29. Rc5 b4 30. Kg2 Bc3 31. Nf3 Rxc2 32. Ng5+ Kg6 33. Nf3 b3 34. Rc6 b2 35. Rxd6+ Kf7 36. Rb6 Rc1 37.
Rb7+ Ke6 38. Rb6+ Kd5 39. Nd2 Bxd2 40. Rxb2 Bc3 41. Rb7 Rc2 42. h4 Bd4 43. Rf7 Ke6 44.
Rf4 Be5 45. Re4 Kd5 46. Rg4 Rc3 47. Rg5 Ke6 48. Rg6+ Kf5 49. Rg5+ Kf6 50. f4 Bd4 51. Rd5 Rxd3 52. Rd6+ Ke7 53. Rd5 Ke6 54. Rd8 Ke7 55. Rd5 Rd2+ 56. Kf3 Bc3 57. Rc5 Bf6 58. Rc7+ Rd7 59.
Rc5 Kf7 60. Kg4 Rd3 61. Rc7+ Ke6 62. Rc6+ Kd5 63. Rc7 Ke4 64. Rc4+ Ke3 65. Rc1 Kf2 66. Rc2+ Ke3 67. h5 Rd2 68. Rc6 Rg2 69. h6 Kf2 70.
Rc2+ Kf1 71. Rxg2 Kxg2 72. h7 g6 73. f5 gxf5+ 74. Kxf5 Bh8 75. g4 Kh3 76. g5 Kh4 77. Kg6 Kg4 78. Kf7 Kxg5 79. Kg8 Bc3 80. h8=Q Bxh8 1/2-1/2

[Event "Late-Titled-Tuesday-Blitz-September-19-2023"]
[Site "Chess.com"]
[Date "2023.09.19"]
[Round "2"]
[White "JG-17"]
[Black "zsoltkorpics"]
[Result "1-0"]
[WhiteElo "2513"]
[BlackElo "2357"]
[TimeControl "180+1"]
[EndTime "14:18:48 PDT"]
[Termination "JG-17 won by resignation"]

1. e4 c5 2. Nc3 Nc6 3. g3 g6 4. Bg2 Bg7 5. d3 d6 6. f4 e6 7. Nf3 Nge7 8. O-O O-O 9. Be3 Nd4 10. Qd2 Nec6 11. f5 exf5 12. Bh6 Nxf3+ 13. Bxf3 Nd4 14. Bxg7 Kxg7 15. Bg2 Rb8 16. Nd5 Nc6 17. Qc3+ Ne5 18. Rae1 f6 19. d4 cxd4 20. Qxd4 Nc6 21. Qc3 fxe4 22.
Rxe4 Ne5 23. Ref4 f5 24. g4 Be6 25. gxf5 Rxf5 26. Rxf5 Bxf5 27. Qg3 Bxc2 28. Nf6 Bf5 29.
Rxf5 Qb6+ 30. Rf2 Rf8 31. Nd5 Qd4 32. Ne3 Nd3 33. Rxf8 Kxf8 34. Qf3+ Kg7 35. Qxb7+ Kh6 36. Qe4 Qxe4 37. Bxe4 Nxb2 38. Bc2 Kg5 39. Kf2 Kf6 40. Ke2 Ke5 41. Kd2 Kd4 42. Ng4 Nc4+ 43. Ke2 Nb6 44. Nf6 Ke5 45. Nxh7 g5 46. Nxg5 Kf4 47. Nf7 Kg4 48. Kf2 Kh3 49. Kg1 d5 50. Ne5 Kh4 51. Nf3+ Kg4 52. Nd4 Nc4 53. Kf2 Kf4 54. Bb3 Nb6 55. h3 Ke5 56. Nf3+ Kf4 57. h4 Ke4 58. h5 Kf5 59. Bc2+ Kf6 60. h6 Nc4 61. h7 Kg7 62.
Ng5 Nd6 63. Ne6+ Kh8 64. Nf4 Ne8 65. Nxd5 Ng7 66. Ke3 Ne6 67. Be4 Nf8 68. Ne7 Nxh7 69.
Bxh7 Kxh7 70. Kd4 Kg7 71. Kc5 Kf7 72. Nc6 Ke8 73. Nxa7 Kd7 74. Nb5 Kc8 75. a4 Kb7 76. Kb4 Ka8 77. Ka5 Kb7 78. Nc3 Ka8 79. Kb5 Kb7 80.
a5 Ka8 81. Ka6 Kb8 82. Kb6 Ka8 83. a6 Kb8 84. Nb5 Ka8 85. Nc7+ Kb8 86. a7+ Kc8 87.
a8=Q+ Kd7 88. Qc6+ 1-0

[Event "Late-Titled-Tuesday-Blitz-September-19-2023"]
[Site "Chess.com"]
[Date "2023.09.19"]
[Round "2"]
[White "Parhamov"]
[Black "Alphafischer2019"]
[Result "0-1"]
[WhiteElo "3029"]
[BlackElo "2622"]
[TimeControl "180+1"]
[EndTime "14:18:49 PDT"]
[Termination "Alphafischer2019 won on time"]

1. e4 c5 2. Nf3 Nc6 3. Bb5 g6 4. Bxc6 dxc6 5. d3 Bg7 6. h3 Nf6 7. Be3 b6 8. Nbd2 Qc7 9. a4 a5 10. Nc4 O-O 11. Qc1 Nd7 12. Bh6 e5 13. O-O Re8 14. Nh2 Nf8 15. Bxg7 Kxg7 16. Qe3 Ne6 17. Ng4 g5 18. Nh2 f6 19. Rac1 Nf4 20. Rfe1 Be6 21. b3 h5 22. Qf3 Rab8 23. Ne3 Qd7 24. h4 gxh4 25. Kh1 Rg8 26. Rg1 Kf7 27. g3 hxg3 28.
fxg3 Bg4 29. Qf1 Nh3 30. Rg2 Rg5 31. Re1 Rbg8 32. Nhxg4 hxg4 33. Rh2 Rh5 34. Nf5 Rgh8 35. Ree2 Ke8 36. Reg2 Kd8 37. Ne3 Qe6 38. Nc4 Kc7 39. Qe1 Ng5 40. Nd2 Qd7 41. Qf1 Rxh2+ 42. Rxh2 Rxh2+ 43. Kxh2 Qh7+ 44. Kg1 Qh6 45. Qg2 Nh3+ 46. Kf1 Qe3 47.
b4 axb4 48. Qh2 b5 49. a5 Kb7 50. Qg2 Ka6 51. Nb3 c4 52. dxc4 bxc4 53. Nd2 Qd4 54.
Ke1 Kxa5 55. Qf1 Kb5 56. Qxf6 Qe3+ 57. Kd1 Nf2+ 58. Kc1 Qe1+ 59. Kb2 Qxd2 60. Qxe5+ Ka6 61. Qc7 Nd1+ 62. Kb1 Nc3+ 63. Kb2 Na4+ 64. Kb1 Qd1+ 65. Ka2 Qxc2+ 0-1

[Event "Late-Titled-Tuesday-Blitz-September-19-2023"]
[Site "Chess.com"]
[Date "2023.09.19"]
[Round "2"]
[White "MikaelyanArman"]
[Black "ValeriyGrinev"]
[Result "0-1"]
[WhiteElo "2866"]
[BlackElo "2569"]
[TimeControl "180+1"]
[EndTime "14:18:57 PDT"]
[Termination "ValeriyGrinev won by resignation"]

1. e4 c5 2. Nf3 e6 3. g3 Nc6 4.
Bg2 Nf6 5. Qe2 e5 6. O-O Be7 7. Na3 O-O 8. Nc4 d6 9. d3 h6 10. a4 Re8 11. c3 Bf8 12. Ne3 Be6 13. Nh4 d5 14. Nhf5 d4 15. Nc4 Qd7 16. Qf3 Nh7 17.
h4 Rad8 18. cxd4 Bxf5 19. Qxf5 Nxd4 20. Qxd7 Rxd7 21. Be3 Ne2+ 22. Kh2 Rxd3 23. Rad1 Rxd1 24. Rxd1 Nd4 25. g4 Nf6 26. Kg3 h5 27. g5 Nd7 28. Bh3 Nb8 29. Rd2 g6 30. a5 Bg7 31. Nd6 Re7 32. Nc8 Rc7 33. Nxa7 Bf8 34. Rd1 Na6 35. Kg2 Nb4 36. Rc1 Nbc2 37. Bd2 c4 38.
Nc8 Bc5 39. Nb6 Bxb6 40. axb6 Rc6 41. f4 exf4 42. Bxf4 Rxb6 43. Rd1 Rxb2 44. Kh1 c3 45. Be5 Rb4 46. Bf6 Kf8 47. e5 Ke8 48. Rd3 Rc4 49.
Bf1 Rc5 50. e6 Nxe6 51. Rd1 Ne3 52. Rb1 Nxf1 53. Rxf1 c2 54. Rc1 Kd7 55. Kh2 Kc6 56.
Kg2 Kd5 57. Kf2 b5 58. Ke2 b4 59. Kd3 b3 60. Bb2 Nf4+ 61. Ke3 Rc4 62. Rf1 Ng2+ 63. Kd3 Nxh4 64. Bc1 Nf5 65. Re1 h4 66. Re8 Rd4+ 67.
Kc3 Rd1 68. Kb2 Nd6 69. Rh8 Nc4+ 70. Kxb3 Rxc1 71. Rd8+ Kc5 72. Rc8+ Kd5 73. Rd8+ Ke5 74. Re8+ Kf5 75. Rh8 Rd1 76. Kxc2 Ne3+ 77. Kc3 Kxg5 78.
Re8 Re1 79. Kd3 f5 80. Re5 Kg4 81. Ra5 g5 82. Kd2 Ng2 83. Ra4+ f4 84. Ra8 h3 85. Rh8 Kg3 86. Rg8 g4 87. Rh8 h2 0-1

[Event "Late-Titled-Tuesday-Blitz-September-19-2023"]
[Site "Chess.com"]
[Date "2023.09.19"]
[Round "2"]
[White "IngOscarArdila"]
[Black "biostatistician"]
[Result "0-1"]
[WhiteElo "2307"]
[BlackElo "2577"]
[TimeControl "180+1"]
[EndTime "14:19:01 PDT"]
[Termination "biostatistician won by resignation"]

1. d4 Nf6 2. c4 g6 3. Nc3 Bg7 4. Nf3 O-O 5. e3 d6 6. Be2 Nbd7 7. O-O e5 8. dxe5 dxe5 9. Qc2 Re8 10. Rd1 c6 11. e4 Qe7 12. Bg5 h6 13. Be3 Ng4 14. Bd2 Nc5 15. h3 Nf6 16. Be3 Nh5 17. b4 Ne6 18. c5 Nhf4 19. Bf1 a5 20. a3 axb4 21. axb4 Rxa1 22. Rxa1 Nd4 23. Qd1 Rd8 24. Bxf4 exf4 25. Nxd4 Bxd4 26. Qf3 Bxc3 27. Qxc3 Qxe4 28. Re1 Qf5 29. Re5 Qb1 30. Re1 Qf5 31. Re5 Qd7 32.
Kh2 Re8 33. Bc4 g5 34. Qe1 Kf8 35. Qe4 Rxe5 36. Qxe5 Kg8 37. Qf6 Qf5 38. Qxh6 Be6 39. Bxe6 fxe6 40. Qh5 Kg7 41. Qe8 Qf7 42. Qd8 Kg6 43.
Qd3+ Kf6 44. Qd4+ e5 45. Qd6+ Kf5 46. Qd3+ e4 47. Qd4 Qe6 48. Qg7 e3 49. fxe3 fxe3 50. Qh7+ Kf4 51. Qh5 Ke4 52. Qf3+ Kd4 53. Qd1+ Kc3 54.
Qe1+ Kc2 55. Kg1 e2 56. Kf2 Kd3 57. Qb1+ Kc3 58. Qe1+ Kd3 59. Qb1+ Kc3 60. Qe1+ Kc4 61. Qxe2+ Qxe2+ 62. Kxe2 Kxb4 63. g3 Kxc5 64. h4 gxh4 65.
gxh4 Kd4 66. h5 Ke5 67. Kd3 Kf6 68. Kc4 Kg5 69. Kc5 Kxh5 70. Kb6 Kg4 71. Kc5 Kf4 72. Kb6 Ke4 73. Kxb7 c5 74. Kc6 c4 0-1

[Event "Late-Titled-Tuesday-Blitz-September-19-2023"]
[Site "Chess.com"]
[Date "2023.09.19"]
[Round "2"]
[White "IlanSchnaider"]
[Black "bipe137"]
[Result "0-1"]
[WhiteElo "2748"]
[BlackElo "2546"]
[TimeControl "180+1"]
[EndTime "14:19:05 PDT"]
[Termination "bipe137 won on time"]

1. e4 c5 2. Nf3 e6 3. d4 cxd4 4. Nxd4 Nc6 5. Nc3 Nf6 6. Ndb5 d6 7. Bf4 e5 8. Bg5 a6 9. Na3 Be6 10. Bc4 b5 11. Bd5 Rc8 12. Ne2 Be7 13. Bxf6 Bxf6 14. c3 O-O 15. Nc2 Bg5 16. O-O Bxd5 17. Qxd5 Ne7 18.
Qd3 d5 19. Nb4 dxe4 20. Qxe4 a5 21. Rad1 Qc7 22. Nd3 Ng6 23. Ng3 Rfd8 24. Rfe1 Bf4 25. Nh5 Bg5 26. Qf5 h6 27. Ng3 Bf4 28. Nh5 Bg5 29.
h3 Re8 30. Re2 Rcd8 31. Rde1 Nh4 32. Qg4 Rxd3 33. Ng3 Qd7 34. Rxe5 Rxe5 35. Rxe5 Qxg4 36. hxg4 b4 37. Rxa5 bxc3 38. bxc3 Rxc3 39. Ra8+ Kh7 40. Ra7 Rc2 41. Rxf7 Rxa2 42. Nh5 Kh8 43. Rf8+ Kh7 44. Rf7 Bd2 45. Rxg7+ Kh8 46. g3 Nf3+ 47. Kg2 Ng5 48. Rg6 Nf7 49. Rf6 Kg8 50. Rf5 Be1 51. Kf1 Bc3 52. Rf3 Bd4 53. Kg2 Ne5 54. Rf4 Bc5 55. Nf6+ Kg7 56. Ne4 Bd4 57. Nd6 Bc5 58. Nf5+ Kh8 59.
Nxh6 Nd3 60. Nf7+ Kg7 61. Rf5 Bxf2 62. Kh3 Bg1 63. g5 Nf2+ 64. Kg2 Ra1 65. Ne5 Ne4 66. Rf7+ Kg8 67. g6 Bd4 68. Ng4 Ra2+ 69. Kf3 Ng5+ 70.
Kf4 Nxf7 71. gxf7+ Kxf7 72. Ke4 Bg7 73. Kf3 Ra3+ 74. Kf4 Ra4+ 75. Kf3 Kg6 76. Ne3 Bh6 77. Ng4 Ra3+ 78. Kf2 Bg7 79. Nh2 Bd4+ 80. Ke2 Kf5 81. g4+ Ke4 82. Nf1 Ra2+ 83. Ke1 Bc3+ 84. Kd1 Kd3 85.
Nd2 Ra1+ 0-1

[Event "Late-Titled-Tuesday-Blitz-September-19-2023"]
[Site "Chess.com"]
[Date "2023.09.19"]
[Round "2"]
[White "only_strong_moves"]
[Black "Lennis93"]
[Result "1-0"]
[WhiteElo "2533"]
[BlackElo "2729"]
[TimeControl "180+1"]
[EndTime "14:19:22 PDT"]
[Termination "only_strong_moves won on time"]

1. e4 c5 2. Nf3 Nc6 3. d4 cxd4 4.
Nxd4 Qb6 5. Nb3 Nf6 6. Nc3 e6 7. Be3 Qc7 8. g3 a6 9. Bg2 h5 10. h3 h4 11. g4 Bd6 12. Bb6 Qb8 13. Qe2 Bf4 14. Nd2 O-O 15. O-O-O d5 16. exd5 exd5 17. Nxd5 Nxd5 18. Bxd5 Nb4 19. Bb3 Qd6 20. Be3 Be6 21. Kb1 Bxe3 22. Qxe3 Rac8 23. Ne4 Qc6 24. c3 Bxb3 25.
axb3 Nd5 26. Qg5 Nc7 27. Rhe1 Rfe8 28. f3 Re6 29. Qxh4 Rce8 30. Rd8 Qb5 31. b4 Rxd8 32.
Qxd8+ Ne8 33. Rd1 Qe2 34. Ng5 Re7 35. Qd3 Qxd3+ 36. Rxd3 g6 37. Ne4 Kg7 38. g5 Nc7 39. Ka2 Ne6 40. h4 Rc7 41. Nf6 Kf8 42. Nd7+ Ke7 43.
Ne5 b6 44. Ng4 a5 45. bxa5 bxa5 46. Ne3 Rb7 47. Nd5+ Kf8 48. Nf6 Ke7 49. Rd5 a4 50. Ra5 Kd6 51. Ra6+ Ke5 52. Rxa4 Nc5 53. Ng4+ Kf5 54.
Rc4 Ra7+ 55. Kb1 Nb3 56. Ne3+ Ke6 57. Re4+ Kd6 58. Kc2 Nc5 59. Rd4+ Ke5 60. Nc4+ Ke6 61. b4 Nd7 62. Rd6+ Ke7 63. Rd2 Rc7 64. Ne3 Ne5 65.
Nd5+ Kd6 66. Nxc7+ Kxc7 67. f4 Nf3 68. Rf2 Nxh4 69.
Rh2 Nf5 70. Rh7 Nd6 71. c4 Kc6 72. c5 Nf5 73. Rxf7 Ne3+ 74. Kb1 Nd5 75. Rg7 Nxf4 76.
Rf7 Nd5 77. Kb2 Nxb4 78. Rf6+ Kxc5 79. Rxg6 Kd5 80. Kc3 Na2+ 81. Kd3 Nb4+ 82. Ke3 Ke5 83. Kf3 Nd5 84. Kg4 Ne7 85. Rg7 Ke6 86. Kh5 Nf5 87.
Ra7 Ng3+ 88. Kh6 Nf5+ 89. Kh7 1-0